[Event "Team 45 45 League T36"]
[Site "Internet Chess Club"]
[Date "2008.01.25"]
[Round "1"]
[White "Duguesclin"]
[Black "egd01"]
[Result "1-0"]
[WhiteElo "1553"]
[BlackElo "1592"]
[Opening "QGD: Grau (Sahovic) defense"]
[ECO "D06"]
[Time "13:02:36"]
[TimeControl "2700+45"]

1. d4 d5 2. c4 Bf5 3. Nc3 e6 4. a3 Nf6 5. c5 a5 6. Bf4 c6 7. h3 b6 8. b4 axb4 9.
axb4 Rxa1 10. Qxa1 bxc5 11. bxc5 Nbd7 12. Nf3 Nxc5 13. dxc5 Bxc5 14. e3 O-O 15.
Ne5 Qb6 16. Be2 d4 17. exd4 Bxd4 18. O-O Ne4 19. Nd7 Bxf2+ 20. Kh2 Qd8 21. Nxe4
Qxd7 22. Nxf2 f6 23. Bc4 Kh8 24. Rd1 Qb7 25. Nd3 e5 26. Be3 Qc7 27. Qa7 Qc8 28.
Nc5 Qe8 29. g4 Bc8 30. Nd7 e4 31. Nxf8 {Black resigns} 1-0

[Event "Team 45 45 League T36"]
[Site "Internet Chess Club"]
[Date "2008.01.27"]
[Round "1"]
[White "Gil-galad"]
[Black "FutureCA"]
[Result "1-0"]
[WhiteElo "2054"]
[BlackElo "1918"]
[Opening "King's Indian: orthodox, 7...Nbd7"]
[ECO "E94"]
[Time "13:58:15"]
[TimeControl "2700+45"]

1. d4 Nf6 2. c4 g6 3. Nc3 Bg7 4. e4 d6 5. Be2 Nbd7 6. Nf3 O-O 7. O-O e5 8. Be3
Ng4 9. Bg5 f6 10. Bd2 c6 11. d5 Qe7 12. Qc2 a5 13. Rad1 Nc5 14. h3 Nh6 15. Be3
Nf7 16. dxc6 bxc6 17. Bxc5 dxc5 18. Qa4 Qc7 19. Qa3 Qa7 20. Na4 Rb8 21. Nxc5 Rd8
22. Rxd8+ Nxd8 23. Nd3 Bf8 24. c5 Ne6 25. Rc1 Ba6 26. Qxa5 Qb7 27. b3 Rd8 28.
Qc3 Bxd3 29. Bxd3 Nxc5 30. Be2 Kg7 31. Qc4 Qb5 32. Qxb5 cxb5 33. Bxb5 Nxe4 34.
Rc7+ Kh6 35. Rc2 Rd1+ 36. Kh2 Bc5 37. Bc6 Nxf2 38. Rxc5 e4 39. Ng1 Rd2 40. a4
Rb2 41. Rb5 f5 42. a5 Nd1 43. a6 Ra2 44. Rb6 Ne3 45. Kh1 Nf1 46. Bb5 Ng3+ 47.
Kh2 f4 48. Re6 Ra5 49. Bc4 Ra2 50. Re7 Kg5 51. a7 f3 52. Nxf3+ exf3 53. Kxg3
fxg2 54. Kh2 Kf4 55. Bd5 g1=Q+ 56. Kxg1 Kg3 57. Re3+ {Black resigns} 1-0

[Event "Team 45 45 League T36"]
[Site "Internet Chess Club"]
[Date "2008.01.24"]
[Round "1"]
[White "Boromir"]
[Black "The7thGuest"]
[Result "1-0"]
[WhiteElo "1993"]
[BlackElo "2065"]
[Opening "Benkö gambit half accepted"]
[ECO "A57"]
[Time "13:52:48"]
[TimeControl "2700+45"]

1. d4 Nf6 2. c4 c5 3. d5 b5 4. cxb5 a6 5. b6 e6 6. Nc3 Nxd5 7. Nxd5 exd5 8. Qxd5
Nc6 9. Nf3 Rb8 10. e4 Be7 11. Bc4 O-O 12. O-O Na5 13. Bd3 Rxb6 14. Qh5 Bb7 15.
Re1 c4 16. Bc2 Rb5 17. e5 g6 18. Qg4 Bxf3 19. Qxf3 Bg5 20. Qc3 Bxc1 21. Raxc1
Qb6 22. Rb1 Rb8 23. Ba4 Rxb2 24. Rxb2 Qxb2 25. Qxa5 c3 26. Qc7 Rf8 27. Bb3 a5
28. Qc4 a4 29. Qxa4 Qd2 30. Rf1 Rc8 31. Bc2 Rb8 32. Bb3 Rc8 33. Rd1 Qe2 34. Qxd7
Rf8 35. e6 c2 36. Rc1 {Black resigns} 1-0

[Event "Team 45 45 League T36"]
[Site "Internet Chess Club"]
[Date "2008.01.25"]
[Round "1"]
[White "livis"]
[Black "matein7"]
[Result "0-1"]
[WhiteElo "1969"]
[BlackElo "2001"]
[Opening "Scandinavian (center counter) defense"]
[ECO "B01"]
[Time "14:00:29"]
[TimeControl "2700+45"]

1. e4 d5 2. e5 Bf5 3. f4 e6 4. Nf3 Be7 5. Be2 Nh6 6. O-O c5 7. d3 Nc6 8. c3 d4
9. Nbd2 dxc3 10. bxc3 Bxd3 11. Nb3 Be4 12. Qe1 O-O 13. h3 Nf5 14. g4 Nh4 15. Be3
Nxf3+ 16. Bxf3 Bxf3 17. Rxf3 Qd5 18. Rf2 Bh4 19. Rd1 Bxf2+ 20. Bxf2 Qc4 21. Bxc5
Rfd8 22. Bd4 Nxd4 23. cxd4 Rac8 24. f5 Qc3 25. Kg2 Qxe1 26. Rxe1 Rc2+ 27. Kf3
Rxa2 28. Ke4 Ra3 29. Rb1 b6 30. h4 Rd5 31. Rc1 Rd8 32. Nd2 Ra2 33. Nf3 Re2+ 34.
Kf4 a5 35. fxe6 fxe6 36. Rc6 Rf8+ 37. Kg3 Re3 38. Rxe6 Rexf3+ 39. Kg2 Rf2+ 40.
Kg1 Rd2 41. Rd6 Rc8 {White resigns} 0-1

[Event "Team 45 45 League T36"]
[Site "Internet Chess Club"]
[Date "2008.01.23"]
[Round "1"]
[White "jakesnake"]
[Black "rubo"]
[Result "1-0"]
[WhiteElo "1916"]
[BlackElo "1765"]
[Opening "English: symmetrical, Botvinnik system"]
[ECO "A36"]
[Time "21:07:31"]
[TimeControl "2700+45"]

1. c4 c5 2. Nc3 Nc6 3. g3 g6 4. Bg2 Bg7 5. e4 d6 6. Nge2 Nf6 7. O-O O-O 8. d3 e5
9. Nd5 Nxd5 10. cxd5 Nd4 11. Nxd4 cxd4 12. f4 Bd7 13. f5 Rc8 14. Bd2 a5 15. Rf2
b6 16. Qf3 Rc2 17. b3 Qc8 18. h3 Bb5 19. a4 Bd7 20. g4 gxf5 21. gxf5 f6 22. Kh2
Kh8 23. b4 Rxd2 24. Rxd2 Qc3 25. Qd1 Bh6 26. Rc2 Bf4+ 27. Kh1 Qxb4 28. Rc7 Be8
29. Rb1 Qxa4 30. Qxa4 Bxa4 31. Rxb6 Bd1 32. Rbb7 Ra8 33. Rxh7+ Kg8 34. Rbg7+ Kf8
35. Rg6 Ra6 36. Rhg7 Bh6 37. Rb7 Bf4 38. Rxf6+ Kg8 39. Re6 Ra8 40. Rg6+ Kh8 41.
Rgg7 a4 42. f6 a3 43. Rh7+ Kg8 44. Rbg7+ {Black resigns} 1-0

[Event "Team 45 45 League T36"]
[Site "Internet Chess Club"]
[Date "2008.01.24"]
[Round "1"]
[White "JoshuaFranzj"]
[Black "alegro"]
[Result "0-1"]
[WhiteElo "1895"]
[BlackElo "2163"]
[Opening "Bird's opening"]
[ECO "A03"]
[Time "15:02:22"]
[TimeControl "2700+45"]

1. f4 d5 2. Nf3 c5 3. e3 Nc6 4. Be2 e6 5. d3 Nf6 6. O-O Bd6 7. Nc3 a6 8. a3 Qc7
9. Qe1 d4 10. Nd1 dxe3 11. Bxe3 b6 12. Qg3 Nh5 13. Qg5 g6 14. Nd2 h6 15. Qh4 Be7
16. Qf2 Ng7 17. Nc3 Bb7 18. Bf3 Nf5 19. Rae1 Nxe3 20. Qxe3 Bf6 21. Nd5 Qd8 22.
Nxf6+ Qxf6 23. Bxc6+ Bxc6 24. Qe5 Qxe5 25. fxe5 Bd5 26. c4 Bc6 27. Ne4 Bxe4 28.
Rxe4 Rd8 29. Rf3 h5 30. Ref4 Rd7 31. Kf2 h4 32. h3 Rh5 33. Re4 Ke7 34. Ref4 Rf5
35. Rxf5 exf5 36. Ke3 Ke6 37. Kf4 Rd4+ 38. Kg5 b5 39. cxb5 axb5 40. Re3 f4 41.
Rf3 Kxe5 42. Kxh4 f6 43. Kg4 b4 44. axb4 Rxb4 45. Rf2 Rb3 46. Rd2 g5 47. h4 gxh4
48. Kxh4 Kd4 49. Kg4 Ke3 50. Rc2 Rb5 51. Kh3 Kxd3 52. Rc3+ Kd4 53. Rc2 f5 54.
Kh4 Rb3 55. Kg5 f3 56. Kxf5 fxg2 57. Rxg2 Re3 58. Rg4+ Kd5 59. Rg2 Rf3+ 60. Kg4
Rf7 61. Rd2+ Kc4 62. Rc2+ Kb4 63. b3 Rc7 64. Rb2 Kc3 65. Rb1 Kc2 66. Ra1 Kxb3
67. Rb1+ Kc2 68. Rf1 Rg7+ 69. Kh3 c4 {White resigns} 0-1

[Event "Team 45 45 League T36"]
[Site "Internet Chess Club"]
[Date "2008.01.26"]
[Round "1"]
[White "RedAttack"]
[Black "frothyjowels"]
[Result "1/2-1/2"]
[WhiteElo "1944"]
[BlackElo "1822"]
[Opening "Réti: King's Indian attack (Barcza system)"]
[ECO "A07"]
[Time "22:08:16"]
[TimeControl "2700+45"]

1. Nf3 d5 2. g3 f5 3. Bg2 Nf6 4. c4 e6 5. cxd5 exd5 6. d4 c6 7. Nc3 Bd6 8. Bg5
O-O 9. O-O Qe8 10. Re1 Nbd7 11. Nd2 Qh5 12. Bxf6 Nxf6 13. e3 Qh6 14. f3 Kh8 15.
e4 fxe4 16. fxe4 Ng4 17. Nf3 Rxf3 18. Qxf3 Qxh2+ 19. Kf1 Be6 20. exd5 Rf8 21.
Qxf8+ Bxf8 22. dxe6 Qxg3 23. Re2 Ne3+ 24. Kg1 Bd6 25. e7 Qh2+ 26. Kf2 Ng4+ 27.
Kf1 Qf4+ 28. Kg1 Bxe7 29. Rd1 Qh2+ 30. Kf1 Qf4+ 31. Kg1 Qh2+ 32. Kf1 Qg3 33. Kg1
h5 34. Ne4 Qh2+ 35. Kf1 Qf4+ 36. Kg1 h4 37. Rd3 Qc1+ 38. Bf1 Qc4 39. Rg2 Qe6 40.
Nc5 Bxc5 41. dxc5 Ne5 42. Rb3 Qd7 43. Be2 Qd4+ 44. Kh1 Qxc5 45. Rxb7 Qc1+ 46.
Kh2 Qf4+ 47. Kg1 g5 48. Rf2 Qg3+ 49. Kf1 Qh3+ 50. Ke1 Ng6 {Game drawn by mutual
agreement} 1/2-1/2

[Event "Team 45 45 League T36"]
[Site "Internet Chess Club"]
[Date "2008.01.27"]
[Round "1"]
[White "alo"]
[Black "Silenita"]
[Result "1-0"]
[WhiteElo "1821"]
[BlackElo "1836"]
[Opening "Scandinavian: Pytel-Wade variation"]
[ECO "B01"]
[Time "14:04:44"]
[TimeControl "2700+45"]

1. e4 d5 2. exd5 Qxd5 3. Nc3 Qd6 4. d4 Nf6 5. Nf3 a6 6. Be2 e6 7. Bg5 Be7 8. O-O
Nc6 9. Bxf6 Bxf6 10. Ne4 Qe7 11. Nxf6+ Qxf6 12. c4 O-O 13. d5 exd5 14. cxd5 Ne7
15. Qb3 Rd8 16. Rfd1 Rd6 17. Rac1 Rb6 18. Qc2 Bf5 19. Qxc7 Rc8 20. Qf4 Rd8 21.
g4 Rxb2 22. gxf5 Rxe2 23. d6 Nxf5 24. d7 Qb6 25. Ng5 g6 26. Rc8 Kg7 27. Rxd8
Qxd8 28. Kf1 Re7 29. Qd2 h6 30. Qc3+ f6 31. Qc8 Rxd7 32. Rxd7+ {Black resigns}
1-0

[Event "Team 45 45 League T36"]
[Site "Internet Chess Club"]
[Date "2008.01.27"]
[Round "1"]
[White "ARMAND01968"]
[Black "touchthis"]
[Result "1/2-1/2"]
[WhiteElo "1775"]
[BlackElo "1698"]
[Opening "Queen's pawn game"]
[ECO "D00"]
[Time "22:02:09"]
[TimeControl "2700+45"]

1. d4 d5 2. e3 c5 3. Nf3 Nc6 4. c4 Bg4 5. cxd5 Qxd5 6. Nc3 Qd8 7. d5 Bxf3 8.
Qxf3 Ne5 9. Bb5+ Nd7 10. O-O a6 11. Ba4 b5 12. Bc2 Ngf6 13. e4 g6 14. Bf4 Nh5
15. Rfe1 Nxf4 16. Qxf4 Bg7 17. Rab1 Ne5 18. a4 Rb8 19. axb5 axb5 20. Ra1 O-O 21.
Rad1 Nc4 22. Qc1 b4 23. Na4 Bd4 24. Bd3 Nb6 25. Nxb6 Qxb6 26. Bc4 Qf6 27. Re2
Ra8 28. Rde1 Ra5 29. h3 Rfa8 30. e5 Qf5 31. e6 fxe6 32. d6 Kf8 33. dxe7+ Ke8 34.
Qh6 Ra1 35. Bb5+ Kxe7 36. Qxh7+ Kf6 37. Qh4+ Kg7 38. Rxe6 Rxe1+ 39. Rxe1 Rf8 40.
Re2 Qb1+ 41. Kh2 Qf5 42. Re7+ Rf7 43. Rxf7+ Qxf7 44. Kg1 Bxb2 45. Bc4 Qf6 46.
Qe4 Bd4 47. Qb7+ Kh6 48. Qf3 Qxf3 49. gxf3 Kg5 50. Kg2 Kf4 51. Bf7 g5 52. Bc4
Bc3 {Game drawn by mutual agreement} 1/2-1/2

[Event "Team 45 45 League T36"]
[Site "Internet Chess Club"]
[Date "2008.02.02"]
[Round "1"]
[White "searchforbobby1"]
[Black "fledermaus"]
[Result "1-0"]
[WhiteElo "2071"]
[BlackElo "1922"]
[Opening "Sicilian: Alapin's variation (2.c3)"]
[ECO "B22"]
[Time "17:09:37"]
[TimeControl "2700+45"]

1. e4 c5 2. c3 d5 3. exd5 Qxd5 4. d4 Nc6 5. Nf3 Bg4 6. Be2 Nf6 7. c4 Qd6 8. d5
Bxf3 9. Bxf3 Nd4 10. O-O g6 11. Nc3 Bg7 12. Be3 Nxf3+ 13. Qxf3 a6 14. Rad1 O-O
15. Rfe1 Rfe8 16. h3 Rac8 17. Bg5 Qd7 18. Re3 Qf5 19. Qxf5 gxf5 20. Rde1 Kf8 21.
R1e2 b5 22. b3 bxc4 23. bxc4 h6 24. Bf4 Nh5 25. Be5 Bxe5 26. Rxe5 Ng7 27. Na4
Rc7 28. Rb2 Ra8 29. Rb6 f6 30. Re3 Ne8 31. Ra3 Nd6 32. Nb2 Rb7 33. Rxb7 Nxb7 34.
Nd3 Ke8 35. Kf1 a5 36. Ke2 Kd7 37. Nf4 Ra6 38. Rb3 Nd6 39. Kd3 Ra7 40. Ne6 Ne4
41. f3 Ng5 42. Nxc5+ Kd6 43. Kd4 e5+ 44. dxe6 Nxe6+ 45. Nxe6 Kxe6 46. Rb6+ Ke7
47. c5 Rd7+ 48. Ke3 Rd1 49. Ra6 Rg1 50. Kf2 Rc1 51. Rxa5 f4 52. Ra4 Rc2+ 53. Kg1
Rxc5 54. Rxf4 Ra5 55. a4 Rc5 56. Re4+ Kf7 57. Re3 Rc1+ 58. Kh2 Ra1 59. Re4 Kg6
60. g4 h5 61. Kg3 Ra3 62. Rb4 hxg4 63. Kxg4 Ra1 64. h4 Rg1+ 65. Kf4 Rh1 66. Ke3
Ra1 67. Rf4 Ra3+ 68. Kd2 Ra1 69. Kc2 Ra2+ 70. Kb3 Ra1 71. Kb2 Rd1 72. a5 {Black
resigns} 1-0

[Event "Team 45 45 League T36"]
[Site "Internet Chess Club"]
[Date "2008.01.29"]
[Round "1"]
[White "Grenadier"]
[Black "keisher415"]
[Result "0-1"]
[WhiteElo "1694"]
[BlackElo "1854"]
[Opening "Sicilian: Alapin's variation (2.c3)"]
[ECO "B22"]
[Time "20:05:38"]
[TimeControl "2700+45"]

1. e4 c5 2. c3 d5 3. exd5 Qxd5 4. d4 Nc6 5. Nf3 Bg4 6. Be2 O-O-O 7. c4 Qf5 8. d5
e6 9. Bd3 Bxf3 10. Qxf3 Qxf3 11. gxf3 Nb4 12. Ke2 Nxd3 13. Kxd3 exd5 14. Be3 d4
15. Bf4 Ne7 16. Nd2 Ng6 17. Bg3 f5 18. h4 f4 19. Bh2 Bd6 20. Rae1 Nxh4 21. Bxf4
Ng2 22. Bxd6 Nxe1+ 23. Rxe1 Rxd6 24. Ne4 Rc6 25. Rg1 g6 26. Rg5 b6 27. Re5 Kd7
28. f4 Rf8 29. Rd5+ Ke7 30. Ng5 Rxf4 31. Nxh7 Rxf2 32. Ng5 Rxb2 33. Nf3 Re6 34.
Ne5 Rxa2 35. Rd7+ Kf6 36. Ng4+ Kg5 37. Rd5+ Kf4 38. Ne5 Rxe5 {White resigns} 0-1

[Event "Team 45 45 League T36"]
[Site "Internet Chess Club"]
[Date "2008.01.28"]
[Round "1"]
[White "Archdruid"]
[Black "bmw2002"]
[Result "1/2-1/2"]
[WhiteElo "1783"]
[BlackElo "1687"]
[Opening "Caro-Kann: classical variation"]
[ECO "B18"]
[Time "21:03:01"]
[TimeControl "2700+45"]

1. e4 c6 2. d4 d5 3. Nd2 dxe4 4. Nxe4 Bf5 5. Ng3 Bg6 6. Nf3 Nd7 7. Bc4 e6 8. Bf4
Ngf6 9. O-O Be7 10. Re1 O-O 11. Ne5 Nxe5 12. Bxe5 Qb6 13. Bb3 Rfd8 14. c3 Rac8
15. Qe2 c5 16. h4 h6 17. Rac1 cxd4 18. Bxd4 Qa5 19. h5 Nxh5 20. Bxe6 Nxg3 21.
fxg3 Bg5 22. Bxc8 Bxc1 23. Bxb7 Bg5 24. b4 Qc7 25. Qf3 Rd7 26. Re8+ Kh7 27. Be4
f5 28. Bxf5 Rf7 29. Bxg6+ Kxg6 30. Qe4+ Kh5 31. g4+ Kh4 32. Qg6 Kxg4 33. Qe6+
Kh5 34. Qe2+ Kg6 35. Qe4+ Kh5 36. g4+ Kh4 37. Re5 Rf4 38. Qg2 Rxg4 39. Re4 Rxe4
40. Qxe4+ Qf4 41. Qxf4+ Bxf4 42. Bxg7 Kg3 43. Bd4 a6 44. a4 Kf3 45. b5 axb5 46.
axb5 Ke4 47. b6 Kd5 48. Kg2 Kc6 49. Kf3 Bd6 50. c4 h5 51. Kg2 Bb4 52. Bf2 Ba5
53. c5 Bb4 54. Kh3 Bc3 55. Kh4 Be5 56. Kxh5 Bh2 57. Kg6 Be5 58. Kf7 Bf4 59. Ke6
Bh2 60. Bd4 Bg3 61. Be5 Bf2 62. Bd6 Bd4 63. Kf7 Bc3 64. Ke8 Ba5 65. b7 Kxb7 66.
Kd7 Ka7 67. c6 Ka6 68. Bc5 Kb5 69. Be7 Bb6 70. Bd6 Ka6 71. Kc8 Kb5 72. Kb7 Bd8
73. Bc7 Bf6 74. Bb6 Be5 75. Bf2 Bf4 76. Be3 Be5 77. Ba7 Bd6 78. Bb6 Be5 79. Bc7
Bf6 80. Bd6 Bd8 81. Be7 Bb6 82. Bd6 Ba5 83. Be5 Bb6 84. Bc7 Bd4 85. Bf4 Bb6 86.
Be5 Ba5 87. Bg3 Bb6 88. Bf2 Bd8 89. Bd4 Ba5 90. Bc3 Bd8 91. Be5 Bb6 92. Bb8 Bd8
93. Bc7 Bf6 94. Bf4 Bd8 {Game drawn by mutual agreement} 1/2-1/2

[Event "Team 45 45 League T36"]
[Site "Internet Chess Club"]
[Date "2008.01.26"]
[Round "1"]
[White "cgrau"]
[Black "OOB1"]
[Result "1-0"]
[WhiteElo "1718"]
[BlackElo "1525"]
[Opening "Queen's pawn, Mason variation"]
[ECO "D00"]
[Time "22:06:05"]
[TimeControl "2700+45"]

1. d4 d5 2. Bf4 Nf6 3. e3 Nc6 4. c4 e6 5. Nc3 Bd6 6. Bg3 Bxg3 7. hxg3 a6 8. Nf3
Ne4 9. Bd3 Nxc3 10. bxc3 g6 11. Ne5 Qf6 12. f4 Nxe5 13. dxe5 Qe7 14. Qb3 Qc5 15.
Ke2 Rb8 16. Qb4 Qc6 17. Kf2 dxc4 18. Qxc4 Bd7 19. Qb4 b5 20. c4 Qb7 21. cxb5
Bxb5 22. Be4 Qb6 23. Rab1 Bd7 24. Qc3 Qa7 25. Rxb8+ Qxb8 26. Rb1 Qd8 27. Qc5 Bb5
28. Bc6+ Bxc6 29. Qxc6+ Kf8 30. Ke2 Qd5 31. Qxd5 exd5 32. Rc1 Kg7 33. Rxc7 Re8
34. Rd7 Re6 35. Rxd5 h5 36. Rd6 Kf8 37. Rxe6 fxe6 38. Kf3 Ke7 39. g4 h4 40. e4
Kd7 41. f5 exf5 42. exf5 g5 43. Ke4 a5 44. Kd5 a4 45. e6+ Ke7 46. Ke5 a3 47. f6+
Ke8 48. Kf5 {Black resigns} 1-0

[Event "Team 45 45 League T36"]
[Site "Internet Chess Club"]
[Date "2008.01.24"]
[Round "1"]
[White "mitus"]
[Black "kevrose07"]
[Result "0-1"]
[WhiteElo "1864"]
[BlackElo "1956"]
[Opening "French: Winawer, Alekhine gambit"]
[ECO "C15"]
[Time "16:00:28"]
[TimeControl "2700+45"]

1. e4 e6 2. d4 d5 3. Nc3 Bb4 4. Ne2 dxe4 5. a3 Bxc3+ 6. Nxc3 f5 7. Bc4 Nf6 8.
Bg5 h6 9. Bxf6 Qxf6 10. Nb5 Na6 11. O-O O-O 12. d5 Rd8 13. Nc3 c6 14. d6 b5 15.
Ba2 Qe5 16. f3 Rxd6 17. Qe2 e3 18. f4 Qc5 19. Rad1 Rxd1 20. Rxd1 Kh7 21. Rd3 b4
22. Nd1 Nc7 23. axb4 Qxb4 24. Qxe3 Ba6 25. Rd7 Nd5 26. Bxd5 cxd5 27. Qe5 Qb6+
28. Nf2 Rg8 29. Rd6 Qa5 30. Nd3 Bxd3 31. cxd3 Qc5+ 32. Kf1 Qc1+ 33. Ke2 Rc8 34.
Rd7 Rc2+ 35. Kf3 Qf1+ {White resigns} 0-1

[Event "Team 45 45 League T36"]
[Site "Internet Chess Club"]
[Date "2008.01.27"]
[Round "1"]
[White "AntonioMendonca"]
[Black "chess9397"]
[Result "1-0"]
[WhiteElo "1759"]
[BlackElo "1794"]
[Opening "QGD semi-Slav: Meran, Wade variation"]
[ECO "D47"]
[Time "18:25:49"]
[TimeControl "2700+45"]

1. d4 d5 2. c4 c6 3. Nf3 Nf6 4. Nc3 e6 5. e3 Nbd7 6. Bd3 dxc4 7. Bxc4 b5 8. Bd3
Bb7 9. e4 a6 10. O-O Be7 11. e5 Nd5 12. Nxd5 cxd5 13. a3 O-O 14. Bd2 Nb6 15. b3
Rc8 16. Ba5 Rc6 17. Qd2 Qd7 18. Bxb6 Rxb6 19. Rfc1 Rc6 20. b4 Rfc8 21. h4 Qc7
22. Rc5 Bxc5 23. bxc5 Qd8 24. Ng5 f6 25. Bxh7+ Kf8 26. Nf3 fxe5 27. Nxe5 R6c7
28. Qf4+ Qf6 29. Re1 Ke8 30. Bg6+ Kd8 31. Qg5 Ke7 32. Ng4 Qxg5 33. hxg5 Rf8 34.
g3 Rf3 35. Ne3 Rc8 36. Nf5+ Kd7 37. Nxg7 Rg8 38. Bh5 Rxa3 39. Nxe6 Rh8 40. Bg4
Kc6 41. g6 Rg8 42. g7 Bc8 43. Nd8+ Kc7 44. Bxc8 Kxc8 45. Ne6 Kd7 46. Re5 Rf3 47.
Ng5 Rf6 48. Rxd5+ Kc6 49. Nh7 Rh6 50. Rd6+ Rxd6 51. cxd6 Kxd6 52. Nf6 Rxg7 53.
Ne8+ Kd5 54. Nxg7 Kxd4 55. Ne6+ Ke5 56. Nc5 b4 57. f4+ Kf5 58. Nb3 Ke4 59. Kf2
Kd5 60. f5 Kc4 61. Nd2+ Kd3 62. Ke1 a5 63. f6 a4 64. f7 a3 65. f8=Q Kc3 66. Nb1+
Kb3 67. Nxa3 {Black resigns} 1-0

[Event "Team 45 45 League T36"]
[Site "Internet Chess Club"]
[Date "2008.01.27"]
[Round "1"]
[White "WoadRaider"]
[Black "lupinus"]
[Result "1-0"]
[WhiteElo "1610"]
[BlackElo "1530"]
[Opening "Ruy Lopez: Möller defense"]
[ECO "C70"]
[Time "11:17:51"]
[TimeControl "2700+45"]

1. e4 e5 2. Nf3 Nc6 3. Bb5 a6 4. Ba4 Bc5 5. O-O Nf6 6. Bxc6 dxc6 7. Nxe5 O-O 8.
d4 Bxd4 9. Nf3 Bb6 10. Nc3 Qe7 11. Bg5 Bg4 12. e5 Bxf3 13. exf6 Qe5 14. Qxf3
Qxg5 15. fxg7 Rfe8 16. Ne4 Rxe4 17. Qxe4 Qxg7 18. c3 Bc5 19. Rad1 Bd6 20. h3 Rd8
21. Rfe1 Kf8 22. Rxd6 cxd6 23. Qe7+ {Black resigns} 1-0

[Event "Team 45 45 League T36"]
[Site "Internet Chess Club"]
[Date "2008.01.26"]
[Round "1"]
[White "shakkiipe"]
[Black "powerchess1"]
[Result "0-1"]
[WhiteElo "1674"]
[BlackElo "1682"]
[Opening "English: symmetrical variation"]
[ECO "A30"]
[Time "09:38:48"]
[TimeControl "2700+45"]

1. c4 c5 2. g3 g6 3. Bg2 Bg7 4. Nc3 Nf6 5. a3 Nc6 6. Rb1 O-O 7. b4 cxb4 8. axb4
a6 9. b5 axb5 10. cxb5 Nd4 11. e3 Ne6 12. d4 d5 13. Qb3 Ng5 14. Nxd5 Be6 15.
Nxf6+ Bxf6 16. Qd1 Bd5 17. f3 Ra2 18. Bd2 Qb6 19. e4 Bc4 20. e5 Bg7 21. Bxg5
Rxg2 22. Rb4 Qa5 23. Bd2 Qa2 24. Ra4 Rxd2 25. Rxa2 Rxd1+ 26. Kxd1 Bxa2 27. Ne2
Bd5 28. Rf1 Ra8 29. Nc1 e6 30. f4 Bf8 31. Rf2 Ra1 {White resigns} 0-1